 Dungeon Crawl Stone Soup version 0.23.2-40-g277498a001 (webtiles) character file.

Game seed: 8478803934554810770

32 Doot the Sneak (level 3, 0/24 HPs)
             Began as a Spriggan Enchanter on Oct 8, 2019.
             Succumbed to an adder's poison
             ... on level 1 of the Dungeon.
             The game lasted 00:02:02 (999 turns).

Doot the Sneak (Spriggan Enchanter)                  Turns: 999, Time: 00:02:03

Health: 0/24       AC: 21    Str:  4    XL:     3   Next: 8%
Magic:  1/8        EV:  4    Int: 16    God:
Gold:   71         SH:  0    Dex: 22    Spells: 4/7 levels left

rFire    . . .     SeeInvis +   a - +1 dagger
rCold    . . .     Gourm    .   (shield restricted)
rNeg     + + +     Faith    .   (armour currently unavailable)
rPois    +         Spirit   .   (helmet currently unavailable)
rElec    .         Reflect  .   (cloak currently unavailable)
rCorr    .         Harm     .   (gloves unavailable)
MR       .....     NoTele   +   (boots unavailable)
Stlth    ++++......             (no amulet)
HPRegen  0.08/turn              e - ring of see invisible
MPRegen  0.11/turn              (no ring)

@: agile, lethally poisoned (0 -> -7), tree-form
A: very small, unfitting armour, see invisible, herbivore, slow metabolism 2
a: no special abilities


You were on level 1 of the Dungeon.
You were not hungry.
You were a tree.
You visited 1 branch of the dungeon, and saw 2 of its levels.

You collected 71 gold pieces.

Inventory:

Hand Weapons
 a - a +1 dagger (weapon)
 f - a +0 dagger of holy wrath
Armour
 b - a +0 robe (melded)
Jewellery
 e - a ring of see invisible (left branch)
Scrolls
 c - a scroll of teleportation {unknown}
 g - 2 scrolls of identify {unknown}
 j - a scroll of remove curse {unknown}
Comestibles
 d - 3 rations


   Skills:
 + Level 1.3 Short Blades
 + Level 3.5 Dodging
 + Level 5.1 Stealth
 + Level 2.7 Spellcasting
 + Level 4.3 Hexes


You had 4 spell levels left.
You knew the following spells:

 Your Spells              Type           Power        Failure   Level  Hunger
a - Corona                Hex            ###....      3%          1    #......
b - Ensorcelled Hibernat  Hex/Ice        #.....       12%         2    ##.....

Your spell library contained the following spells:

 Spells                   Type           Power        Failure   Level  Hunger
 Confuse                  Hex            ###.....     10%         3    ###....
 Tukima's Dance           Hex            ###.....     10%         3    ###....
 Dazzling Spray           Conj/Hex       #.....       24%         3    ###....


Dungeon Overview and Level Annotations

Branches:
Dungeon (2/15)

Altars:
Elyvilon


Innate Abilities, Weirdness & Mutations

You are very small and have problems with some larger weapons.
You are too small for most types of armour.
You have supernaturally acute eyesight. (SInv)
You are a herbivore.
((You cover ground extremely quickly.))
You need to consume almost no food.


Message History

Press: ? - help, Shift-Dir - straight line, f/p - adder
Aim: an adder (chance to defeat MR: 49%)
The adder looks drowsy...
* * * LOW HITPOINT WARNING * * *
You feel sick.
The helpless adder fails to defend itself.
You impale the adder!!
You kill the adder!
Your Stealth skill increases to level 5!
You have reached level 3!
Your experience leads to an increase in your attributes!
Increase (S)trength, (I)ntelligence, or (D)exterity?
You feel agile.
* * * LOW HITPOINT WARNING * * *
You feel sick.
It was a potion of lignification.
You turn into a tree.
Your +0 robe melds into your body.
Your roots penetrate the ground.
It was a potion of agility.
You feel agile all of a sudden.
You die...

#######.###.#≈≈≈.≈≈≈#.
#...........##≈≈.≈≈##.
#...)...###.####+###..
#.....................
##.##........##.....##
#........##.######.##
#.##..#.....# #...
#.##.....##.######.##
#...♣................
###........####..#.##
#......###.####....##
#......# #.(.........
#......# #.##.##.#.##
####......# #.##.####.#
#.........###.##.####.#
#.........##†.........#
#.[.......##...##..#..#


There were no monsters in sight!

Vanquished Creatures
  An adder (D:1)
  2 oozes
  A leopard gecko (D:1)
  2 bats
  A giant cockroach (D:1)
  A frilled lizard (D:1)
  A goblin (D:2)
  2 kobolds (D:1)
  4 rats (D:1)
15 creatures vanquished.

Notes
Turn   | Place    | Note
-------+----------+-------------------------------------------
     0 | D:1      | Doot the Spriggan Enchanter began the quest for the Orb.
     0 | D:1      | Reached XP level 1. HP: 9/9 MP: 5/5
     3 | D:1      | Noticed a death yak
     6 | D:1      | Noticed an elephant
   372 | D:1      | Reached XP level 2. HP: 13/13 MP: 6/6
   376 | D:1      | Learned a level 2 spell: Ensorcelled Hibernation
   439 | D:1      | Found a white marble altar of Elyvilon.
   992 | D:2      | Noticed a scorpion
   997 | D:1      | Reached skill level 5 in Stealth
   997 | D:1      | Reached XP level 3. HP: 2/16 MP: 0/8
   999 | D:1      | Succumbed to an adder's poison

Skill      XL: |  1  2 |
---------------+-------+-----
Hexes          | 4 |  4.3
Stealth        | 5 |  5.1
Short Blades   | |  1.3
Dodging        | |  3.5
Spellcasting   | |  2.7

Action                   || total
-------------------------++-------
Melee: Dagger            ||    47
 Cast: Corona            ||     6
       Ensorcelled Hiber ||     2
  Use: Potion            ||     2
 Stab: Sleeping          ||    10
Armor: Robe              ||     5
Dodge: Dodged            ||    53
